 Dungeon Crawl Stone Soup version 0.18-b1-22-ge198996 (webtiles) character file.

1833 RudyRod the Reanimator (level 8, -4/54 HPs)
             Began as a Demonspawn Necromancer on May 4, 2016.
             Was an Initiate of Vehumet.
             Killed from afar by an orc wizard (9 damage)
             ... with a puff of flame
             ... on level 7 of the Dungeon.
             The game lasted 00:44:36 (9344 turns).

RudyRod the Reanimator (Demonspawn Necromancer)     Turns: 9344, Time: 00:44:37

Health: -4/54      AC:  8    Str:  9    XL:     8   Next: 86%
Magic:  2/19       EV: 13    Int: 18    God:    Vehumet [......]
Gold:   178        SH:  0    Dex: 14    Spells: 3 memorised, 14 levels left

rFire  . . .     SeeInvis .     k - +1 war axe (elec)
rCold  . . .     Gourm    .     a - +1 robe
rNeg   . . .     Faith    .     (no shield)
rPois  .         Spirit   .     (no helmet)
rElec  .         Dismiss  +     (no cloak)
rCorr  .         Reflect  .     c - +2 pair of gloves
SustAt .         Harm     .     (boots unavailable)
MR     .....     Clarity  +     i - amulet of dismissal
Stlth  ++........               (no ring)
                                (no ring)

@: not resistant to hostile enchantments, unstealthy
A: hooves 3, thin metallic scales 1, berserk 1, clarity, rot immunity, subdued
magic 1
a: Renounce Religion


You were on level 7 of the Dungeon.
You worshipped Vehumet.
Vehumet was noncommittal.
You were not hungry.

You visited 2 branches of the dungeon, and saw 8 of its levels.

You collected 266 gold pieces.
You spent 88 gold pieces at shops.

Inventory:

Hand Weapons
 k - a +1 war axe of electrocution (weapon)
 t - a +0 whip of venom
 u - a +0 scimitar of holy wrath
 B - a -3 whip
Missiles
 h - 341 stones (quivered)
Armour
 a - a +1 robe (worn)
 c - a +2 pair of gloves (worn)
 p - a +0 pair of boots
 y - a +0 leather armour
Magical Staves
 D - an uncursed staff of cold
Jewellery
 i - an amulet of dismissal (around neck)
Wands
 H - a wand of iceblast (3/15)
Scrolls
 f - 2 scrolls of enchant armour
 l - 3 scrolls of identify {unknown}
 o - 4 scrolls of remove curse
 r - 4 scrolls of fear {unknown}
 w - 2 scrolls of teleportation
 x - 2 scrolls of fog {unknown}
 A - 2 scrolls of random uselessness {unknown}
 E - a scroll of enchant weapon {unknown}
 F - a scroll of amnesia {unknown}
 G - a scroll of torment {unknown}
Potions
 e - 4 potions of degeneration {unknown}
 g - a potion of heal wounds {unknown}
 j - 3 potions of mutation
 m - a potion of cancellation {unknown}
 n - a potion of invisibility {unknown}
 s - 2 potions of flight {unknown}
 v - a potion of agility {unknown}
 z - a potion of might {unknown}
 C - a potion of magic {unknown}
Books
 b - a book of Necromancy

   Spells                             Type                      Level
   a - Pain                           Necromancy                   1
   b - Animate Skeleton               Necromancy                   1
   c - Vampiric Draining              Necromancy                   3
   d - Regeneration                   Charms/Necromancy            3
   e - Animate Dead                   Necromancy                   4
   f - Control Undead                 Necromancy                   4
Comestibles
 d - 7 meat rations
 q - a slice of pizza


   Skills:
 + Level 1.2 Fighting
 + Level 1.3 Axes
 + Level 3.0 Dodging
 + Level 2.3 Stealth
 + Level 7.5 Spellcasting
 + Level 9.1 Necromancy


You had 14 spell levels left.
You knew the following spells:

 Your Spells              Type           Power        Failure   Level  Hunger
a - Pain                  Necr           ####         1%          1    None
b - Vampiric Draining     Necr           ####......   1%          3    #......
c - Animate Dead          Necr           N/A          1%          4    ###....


Dungeon Overview and Level Annotations

Branches:
Dungeon (7/15)             Temple (1/1) D:6

Altars:
Cheibriados
Dithmenos
Elyvilon
Fedhas
Gozag
Kikubaaqudgha
Makhleb
Nemelex Xobeh
Okawaru
Pakellas
Ru
Sif Muna
Trog
Vehumet
Xom
Yredelemnul
Zin
The Shining One

Shops:
D:4 (

Annotations:
D:4 RudyRod's ghost, amateur DsNe
D:5 Grinder


Innate Abilities, Weirdness & Mutations

You have hooves in place of feet.
You are partially covered in thin metallic scales (AC +2).
You are immune to rotting.
You tend to lose your temper in combat.
You possess an exceptional clarity of mind.
Your spells are a little easier to cast, but a little less powerful.


Message History

You feel life coursing into your body. The phantom hits you!
* * * LOW HITPOINT WARNING * * *
Something hits the phantom.
What do you say? t - Shout!
Orders for allies: a - Attack new target. r - Retreat! s - Stop attacking. w - Wait here. f - Follow me.
Anything else - Stay silent.
Gang up on whom?
Press: ? - help, Dir - move target cursor, f - phantom
Aim: a phantom (lightly damaged) Attack!
The orc wizard shouts!
You hear a shout!
The phantom hits you but does no damage.
Something hits the phantom but does no damage.
The orc shouts!
The orc wizard casts a spell at you. The puff of flame hits you!
You die...

##################
#..Z...).....ยง....
#W################ #.#
#@####### #.......# #..o.o..#
### ########.......####....
#...................... ###
#>.....(((..........#o
###[###.##############.#.....
#............# .......
###.###.###### .#.....


You could see a phantom, an orc wizard and an orc.

Vanquished Creatures
  An ice beast (D:5)
  A sky beast (D:7)
  2 ogres (D:4)
  An orc warrior (D:7)
  2 centaurs
  3 giant frogs
  2 howler monkeys (D:6)
  2 crimson imps
  3 hounds
  3 orc priests
  2 orc wizards
  6 worker ants
  2 iguanas (D:6)
  A hound zombie (D:7)
  A hound skeleton (D:4)
  15 adders
  8 gnolls (D:3)
  A shadow imp (D:6)
  An adder skeleton (D:5)
  4 worms
  4 dart slugs
  3 giant geckos
  25 orcs
  11 bats
  6 giant cockroaches
  8 goblins
  7 hobgoblins
  11 jackals
  A quokka (D:5)
  4 giant newts
  4 kobolds
  37 rats
182 creatures vanquished.

Vanquished Creatures (collateral kills)
  A phantom (D:6)
  A scorpion (D:6)
  An adder (D:6)
  4 orcs
7 creatures vanquished.

Grand Total: 189 creatures vanquished

Notes
Turn   | Place    | Note
--------------------------------------------------------------
     0 | D:1      | RudyRod the Demonspawn Necromancer began the quest for the Orb.
     0 | D:1      | Reached XP level 1. HP: 13/13 MP: 3/3
   418 | D:1      | Gained mutation: You have large cloven feet. [demonic ancestry]
   418 | D:1      | Reached XP level 2. HP: 17/19 MP: 1/5
   849 | D:1      | Reached skill level 5 in Necromancy
  1240 | D:2      | Gained mutation: You are partially covered in thin metallic scales (AC +2). [demonic ancestry]
  1240 | D:2      | Reached XP level 3. HP: 20/24 MP: 2/6
  1736 | D:2      | Found a glowing golden altar of the Shining One.
  1798 | D:2      | Reached XP level 4. HP: 30/30 MP: 5/8
  1857 | D:2      | Found a white marble altar of Elyvilon.
  2583 | D:3      | Learned a level 3 spell: Vampiric Draining
  2598 | D:3      | Found a faded altar to an unknown god.
  2609 | D:3      | Found an oddly glowing altar of Pakellas.
  2699 | D:3      | Gained mutation: You are immune to rotting. [demonic ancestry]
  2699 | D:3      | Reached XP level 5. HP: 26/35 MP: 3/10
  3154 | D:3      | Reached skill level 6 in Necromancy
  3507 | D:3      | Gained mutation: You have hoof-like feet. [demonic ancestry]
  3507 | D:3      | Reached XP level 6. HP: 35/41 MP: 6/12
  3804 | D:3      | HP: 2/41 [poisoned by an orc]
  4468 | D:3      | Learned a level 4 spell: Animate Dead
  4592 | D:4      | Reached skill level 5 in Spellcasting
  4806 | D:4      | Reached XP level 7. HP: 32/47 MP: 7/15
  4938 | D:4      | Reached skill level 7 in Necromancy
  5114 | D:4      | Noticed RudyRod's ghost (amateur DsNe)
  5823 | D:4      | Found Vesosh's Antique Weapon Shoppe.
  5836 | D:4      | Bought a glowing scimitar for 88 gold pieces
  5965 | D:5      | Entered Level 5 of the Dungeon
  6447 | D:5      | Noticed Grinder
  6694 | D:5      | Reached skill level 1 in Axes
  7050 | D:5      | Found a bloodstained altar of Trog.
  7054 | D:5      | Gained mutation: You have hooves in place of feet. [demonic ancestry]
  7054 | D:5      | Reached XP level 8. HP: 31/53 MP: 12/17
  7517 | D:6      | Reached skill level 8 in Necromancy
  7569 | D:6      | Found a deep blue altar of Sif Muna.
  7580 | D:6      | Found an opulent altar of Gozag.
  8195 | D:6      | Found a staircase to the Ecumenical Temple.
  8208 | Temple   | Entered the Ecumenical Temple
  8300 | Temple   | Became a worshipper of Vehumet
  8548 | D:6      | Found an iron altar of Okawaru.
  8549 | D:6      | Found a burning altar of Makhleb.
  8742 | D:7      | Found a blossoming altar of Fedhas.
  8753 | D:7      | Found a sacrificial altar of Ru.
  9336 | D:7      | Gained mutation: You possess an exceptional clarity of mind. [potion of mutation]
  9336 | D:7      | Gained mutation: Your spells are a little easier to cast, but a little less powerful. [potion of mutation]
  9336 | D:7      | Gained mutation: You tend to lose your temper in combat. [potion of mutation]
  9337 | D:7      | Reached skill level 1 in Fighting
  9337 | D:7      | Reached skill level 9 in Necromancy
  9344 | D:7      | Killed from afar by an orc wizard

Skill      XL: |  1  2  3  4  5  6  7  8 |
---------------+-------------------------+-----
Necromancy     | 5 6 7 9 |  9.1
Spellcasting   | 3 4 5 6 7 |  7.5
Dodging        | 2 3 |  3.0
Stealth        | 2 |  2.3
Axes           | 1 |  1.3
Fighting       | 1 |  1.2

Action                   |  1- 3 |  4- 6 |  7- 9 || total
-------------------------+-------+-------+-------++-------
Melee: Unarmed           |     5 |       |       ||     5
       Dagger            |       |    19 |       ||    19
       War axe           |       |       |    58 ||    58
       Whip              |       |       |     3 ||     3
       Kick              |       |       |     6 ||     6
 Cast: Pain              |    62 |   179 |   143 ||   384
       Animate Dead      |       |     1 |     9 ||    10
       Vampiric Draining |       |     1 |     5 ||     6
  Use: Scroll            |       |     3 |     1 ||     4
       Potion            |       |       |     1 ||     1
  Eat: Chunk             |     3 |     8 |     4 ||    15
       Bread ration      |       |     1 |     2 ||     3
Armor: Robe              |     4 |     8 |    52 ||    64
Dodge: Dodged            |    16 |    30 |    84 ||   130
